 Dungeon Crawl Stone Soup version 0.23-a0-666-g28d4f2f0af (webtiles) character file.

1598 Brecoman the Slinger (level 9, -1/61 HPs)
             Began as a Halfling Hunter on Jan 8, 2019.
             Was a Believer of Lugonu.
             Killed from afar by iamserjio's ghost (9 damage)
             ... with a magic dart
             ... on level 6 of the Dungeon.
             The game lasted 00:39:18 (7411 turns).

Brecoman the Slinger (Halfling Hunter)              Turns: 7411, Time: 00:39:18

Health: -1/61      AC: 13    Str: 14    XL:     9   Next: 15%
Magic:  9/9        EV:  5    Int:  9    God:    Lugonu [**....]
Gold:   317        SH:  0    Dex: 22    Spells: 8/8 levels left

rFire    . . .     SeeInvis .   a - +1 hunting sling
rCold    . . .     Gourm    .   (shield restricted)
rNeg     . . .     Faith    .   t - +2 plate armour
rPois    .         Spirit   .   (no helmet)
rElec    .         Reflect  .   m - +0 cloak
rCorr    .         Harm     +   (no gloves)
MR       .....                  (no boots)
Stlth    ..........             o - amulet of harm
HPRegen  0.20/turn              (no ring)
MPRegen  0.11/turn              u - +5 ring of dexterity

@: hasted and slowed, extremely drained
A: small, mutation resistance 1
a: Depart the Abyss, Bend Space, Renounce Religion


You were on level 6 of the Dungeon.
You worshipped Lugonu.
Lugonu was pleased with you.
You were not hungry.

You visited 2 branches of the dungeon, and saw 7 of its levels.

You collected 317 gold pieces.

Inventory:

Hand Weapons
 a - a +1 hunting sling (weapon)
 b - a +0 spear of venom
 d - a +3 dagger of venom
 q - a +0 short sword
 B - a +0 hunting sling
Missiles
 k - 14 stones (quivered)
 C - 6 tomahawks
Armour
 c - a +0 leather armour
 i - a +2 leather armour of fire resistance
 m - a +0 cloak (worn)
 p - a +0 helmet
 t - a +2 plate armour (worn)
 w - a +0 ring mail
 x - a +3 chain mail of poison resistance
 z - a +0 scale mail
Jewellery
 o - an amulet of harm (around neck)
 u - a +5 ring of dexterity (right hand)
Wands
 y - a wand of clouds (2)
Scrolls
 e - a scroll of remove curse
 h - a scroll of identify
 v - a scroll of magic mapping
Potions
 g - a potion of cancellation
 j - a potion of curing
 l - a potion of lignification
Comestibles
 f - 11 rations


   Skills:
 + Level 5.2(0.0) Fighting
 * Level 12.2(0.0) Slings
 - Level 2.1(0.0) Dodging
 + Level 6.4(0.0) Stealth


You had 8 spell levels left.
You didn't know any spells.
Your spell library was empty.

Dungeon Overview and Level Annotations

Branches:
Dungeon (6/15)             Temple (1/1) D:4

Altars:
Elyvilon
Fedhas
Hepliaklqana
Kikubaaqudgha
Nemelex Xobeh
Qazlal
Sif Muna
Trog
Wu Jian
Yredelemnul
Zin
The Shining One
Lugonu

Shops:
D:4 %

Annotations:
D:6 iamserjio's ghost, novice OpWn


Innate Abilities, Weirdness & Mutations

You are small and have problems with some larger weapons.
You are somewhat resistant to further mutation.


Message History

The crimson imp hits you.
* * * LOW HITPOINT WARNING * * *
The crimson imp blinks!
Really attack while wielding your +1 hunting sling?
Okay, then.
Iamserjio's ghost barely misses you.
Iamserjio's ghost casts a spell.
The crimson imp blinks!
Iamserjio's ghost casts a spell at you. The magic dart hits you!
You see here a stone.
The crimson imp blinks! x2
The crimson imp blinks!
The crimson imp sputters.
The crimson imp hits you.
* * * LOW HITPOINT WARNING * * *
The crimson imp barely misses you. Iamserjio's ghost casts a spell at you.
The magic dart hits you!
You die...

#..#.#
##...#
#...#
###..##
#(..5.#
#.....#
####(..>.#
#....(..(#
###'(@####
#(.$5.5?#
#..(.W..#
#.(.((..#
#(8.....#
#...(.((#
#########


You could see iamserjio's ghost and 3 crimson imps.

Vanquished Creatures
  Edmund (D:4)
  2 sky beasts (D:5)
  An orc warrior (D:5)
  3 ogres
  A centaur (D:5)
  A big kobold (D:5)
  A scorpion (D:4)
  3 crimson imps (D:5)
  A hound (D:5)
  2 jellies (D:5)
  A bullfrog skeleton (D:5)
  2 orc priests (D:5)
  2 iguanas
  6 orc wizards
  A worker ant (D:5)
  A killer bee zombie (D:5)
  4 gnolls (D:3)
  6 adders
  A shadow imp (D:5)
  An ooze (D:2)
  An adder skeleton (D:4)
  2 worms (D:3)
  A dart slug (D:1)
  4 leopard geckos
  8 orcs
  2 ball pythons (D:1)
  6 bats
  15 giant cockroaches
  5 goblins
  5 hobgoblins
  10 jackals
  12 kobolds
  7 quokkas
  4 frilled lizards
  2 leopard gecko skeletons (D:5)
  2 rats
127 creatures vanquished.

Notes
Turn   | Place    | Note
-------+----------+-------------------------------------------
     0 | D:1      | Brecoman the Halfling Hunter began the quest for the Orb.
     0 | D:1      | Reached XP level 1. HP: 14/14 MP: 1/1
    77 | D:1      | Reached skill level 6 in Slings
   109 | D:1      | Reached XP level 2. HP: 19/19 MP: 2/2
   497 | D:1      | Reached XP level 3. HP: 24/24 MP: 3/3
   878 | D:2      | Reached XP level 4. HP: 16/29 MP: 4/4
   889 | D:2      | Reached skill level 7 in Slings
  1292 | D:2      | Found a faded altar of an unknown god.
  1808 | D:3      | Reached XP level 5. HP: 32/35 MP: 5/5
  2894 | D:4      | Found Paestridd's Food Shop.
  3036 | D:4      | Found a staircase to the Ecumenical Temple.
  3042 | Temple   | Entered the Ecumenical Temple
  3117 | Temple   | Became a worshipper of Lugonu the Unformed
  3117 | Temple   | Reached * piety under Lugonu
  3272 | D:4      | Found a hazy altar of Hepliaklqana.
  3399 | D:4      | Found a sparkling altar of Nemelex Xobeh.
  3455 | D:4      | Noticed an ogre
  3467 | D:4      | Killed an ogre
  3467 | D:4      | Reached skill level 8 in Slings
  3467 | D:4      | Reached XP level 6. HP: 35/42 MP: 6/6
  3554 | D:4      | Noticed Edmund
  3606 | D:4      | Killed Edmund
  3606 | D:4      | Reached skill level 9 in Slings
  3606 | D:4      | Reached XP level 7. HP: 44/46 MP: 7/7
  3932 | D:5      | Entered Level 5 of the Dungeon
  4226 | D:5      | Reached ** piety under Lugonu
  4283 | D:5      | Reached skill level 10 in Slings
  4563 | D:5      | Reached XP level 8. HP: 44/54 MP: 8/8
  4603 | D:5      | Reached skill level 5 in Stealth
  4791 | D:5      | Found an ancient bone altar of Kikubaaqudgha.
  5252 | D:5      | Reached skill level 11 in Slings
  6513 | D:5      | Reached skill level 5 in Fighting
  6513 | D:5      | Reached XP level 9. HP: 18/61 MP: 9/9
  6884 | D:6      | Reached skill level 12 in Slings
  7270 | D:6      | Found a runed gate.
  7270 | D:6      | Found a runed gate.
  7270 | D:6      | Found a runed gate.
  7298 | D:6      | Noticed iamserjio's ghost (novice OpWn)
  7411 | D:6      | Killed from afar by iamserjio's ghost

Vault maps used:
D:1:      psy_arrival_fountain
D:2:      minmay_roachtagon, chequers_ecumenical_altar_simple,
          wander_ebering_terrifying_dragon_lair
D:4:      lemuel_coloured_pillars_altar, overflow_temple_1_default,
          minmay_temple_entry_purple_smoke, serial_shops, shop, uniq_edmund
D:5:      kiku_gazebo_garden_becter, first_ration
D:6:      ebering_ghost_rock_garden
Temple:   corrupted_temple

Skill      XL: |  1  2  3  4  5  6  7  8  9 |
---------------+----------------------------+-----
Slings         | 6 7 8 9 10 11 12 | 12.2
Fighting       | 2 3 4 5 |  5.2
Stealth        | 2 3 4 6 |  6.4
Dodging        | |  2.1

Action                   |  1- 3 |  4- 6 |  7- 9 || total
-------------------------+-------+-------+-------++-------
Melee: Spear             |       |     9 |    37 ||    46
 Fire: Hunting sling     |    77 |   158 |   408 ||   643
Throw: Stone             |       |     1 |       ||     1
Evoke: Wand              |       |       |     3 ||     3
  Use: Scroll            |       |       |    15 ||    15
       Potion            |       |       |     5 ||     5
  Eat: Chunk             |       |     8 |     2 ||    10
       Ration            |       |       |     3 ||     3
Armor: Leather armour    |     4 |    12 |       ||    16
       Ring mail         |       |     9 |       ||     9
       Scale mail        |       |     1 |       ||     1
       Chain mail        |       |       |   100 ||   100
       Plate armour      |       |       |    61 ||    61
Dodge: Dodged            |    24 |    39 |    94 ||   157

Table legend:
 A = Non-vault XP
 B = Vault XP
 C = Vault XP percentage of total XP
 D = Non-vault monster count
 E = Vault monster count
 F = Vault count percentage of total count
                 A         B        C        D         E       F
            +---------+---------+-------+---------+---------+-------
      Total |    2110 |     174 |   7.6 |     117 |      10 |   7.9
            +---------+---------+-------+---------+---------+-------
        D:1 |      31 |       0 |   0.0 |      16 |       0 |   0.0
        D:2 |      76 |      17 |  18.3 |      19 |       9 |  32.1
        D:3 |      89 |       0 |   0.0 |      14 |       0 |   0.0
        D:4 |     256 |     157 |  38.0 |      15 |       1 |   6.2
        D:5 |    1271 |       0 |   0.0 |      46 |       0 |   0.0
        D:6 |     387 |       0 |   0.0 |       7 |       0 |   0.0
            +---------+---------+-------+---------+---------+-------
